 Dungeon Crawl Stone Soup version 0.27-a0-1189-gb8eb6cee8e (webtiles) character file.

Game seed: 16146202837220720980

109512 Gargoyl the Corrupter of Planes (level 16, -10/136 (141) HPs)
             Began as a Gnoll Abyssal Knight on May 23, 2021.
             Was the Champion of Lugonu.
             Mangled by an orc knight
             ... wielding a +0 great sword
              (29 damage)
             ... on level 2 of the Orcish Mines.
             The game lasted 00:45:34 (33598 turns).

Gargoyl the Corrupter of Planes (GnAK)             Turns: 33598, Time: 00:45:35

HP:   -10/136 (141) AC: 22    Str: 31    XL:     16   Next: 52%
MP:   30/30         EV: 15    Int: 14    God:    Lugonu [******]
Gold: 2354          SH:  7    Dex: 16    Spells: 36/36 levels left

rFire    . . .     SeeInvis .   z - +4 hand axe "Penemi" {freeze, rElec rPois Will- Str+5}
rCold    . . .     Faith    .   n - +0 buckler
rNeg     . . .     Spirit   .   P - +4 chain mail "Mamil" {rElec Dex+5}
rPois    +         Reflect  .   (no helmet)
rElec    +         Harm     .   C - scarf {repulsion}
rCorr    .         Rampage  .   m - +1 pair of gloves {Str+3}
Will     .....                  j - +0 pair of boots
Stlth    ++........             J - amulet of regeneration
HPRegen  1.32/turn              c - +6 ring of strength
MPRegen  0.22/turn              o - +4 ring of slaying

@: lightly drained, repel missiles
A: fangs 1, strong nose, distributed training, iridescent scales 1, robust 1,
subdued magic 1
a: Renounce Religion, Depart the Abyss, Bend Space, Banish, Corrupt, Enter the
Abyss, Brand Weapon With Distortion


You were on level 2 of the Orcish Mines.
You worshipped Lugonu.
Lugonu was exalted by your worship.
You visited 3 branches of the dungeon, and saw 23 of its levels.
You visited the Abyss 1 time.
You also visited: Ossuary.

You collected 2568 gold pieces.
You spent 214 gold pieces at shops.

Inventory:

Hand Weapons
 a - a +4 hand axe of flaming
 z - the +4 hand axe "Penemi" (weapon) {freeze, rElec rPois Will- Str+5}
   (You found it on level 6 of the Dungeon)

   It has been specially enchanted to freeze those struck by it, causing extra
   injury to most foes and up to half again as much damage against particularly
   susceptible opponents.
   It can also slow down cold-blooded creatures.
   It affects your strength (+5).
   It insulates you from electricity.
   It protects you from poison.
   It decreases your willpower.
 G - a +2 long sword of holy wrath
 O - a +5 vorpal war axe
Missiles
 v - 86 poisoned darts (quivered)
 y - 5 curare-tipped darts
 D - a throwing net
Armour
 j - a +0 pair of boots (worn)
 m - a +1 pair of gloves of strength (worn)
 n - a +0 buckler (worn)
 C - a scarf of repulsion (worn)
 P - the +4 chain mail "Mamil" (worn) {rElec Dex+5}
   (You found it on level 13 of the Dungeon)

   It affects your dexterity (+5).
   It insulates you from electricity.
Jewellery
 b - a ring of willpower
 c - a +6 ring of strength (left hand)
 i - an amulet of the acrobat
 o - a +4 ring of slaying (right hand)
 r - a ring of poison resistance
 x - a ring of protection from cold
 E - a +6 ring of dexterity
 F - a ring of resist corrosion
 H - a ring of see invisible
 J - an amulet of regeneration (around neck)
 K - a ring of positive energy
 T - a ring of positive energy
Wands
 k - a wand of paralysis (39)
 u - a wand of mindburst (38)
 B - a wand of iceblast (22)
 I - a wand of flame (52)
 M - a wand of polymorph (16)
Scrolls
 d - a scroll of silence
 g - 4 scrolls of magic mapping
 p - 5 scrolls of teleportation
 A - a scroll of fog
 U - a scroll of blinking
Potions
 e - 3 potions of curing
 f - 2 potions of invisibility
 h - 4 potions of flight
 l - 2 potions of might
 q - 4 potions of brilliance
 s - a potion of resistance
 t - 2 potions of lignification
 w - 2 potions of haste
 L - 2 potions of mutation
 N - a potion of cancellation
 R - a potion of ambrosia {unknown}


   Skills:
 + Level 12.4 Fighting
 + Level 10.8 Short Blades
 + Level 10.8 Long Blades
 + Level 11.7 Axes
 + Level 10.8 Maces & Flails
 + Level 10.8 Polearms
 + Level 10.8 Staves
 + Level 10.8 Slings
 + Level 10.8 Bows
 + Level 10.8 Crossbows
 + Level 10.8 Throwing
 + Level 11.7 Armour
 + Level 11.1 Dodging
 + Level 10.8 Stealth
 + Level 10.8 Shields
 + Level 10.8 Unarmed Combat
 + Level 10.8 Spellcasting
 + Level 9.2 Conjurations
 + Level 9.2 Hexes
 + Level 9.2 Summonings
 + Level 9.2 Necromancy
 + Level 9.2 Translocations
 + Level 9.2 Transmutations
 + Level 9.2 Fire Magic
 + Level 9.2 Ice Magic
 + Level 9.2 Air Magic
 + Level 9.2 Earth Magic
 + Level 9.2 Poison Magic
 + Level 12.5 Invocations
 + Level 10.8 Evocations


You had 36 spell levels left.
You didn't know any spells.
Your spell library contained the following spells:

 Spells                   Type           Power      Damage    Failure   Level
 Foxfire                  Conj/Fire      100%       2x1d9     1%          1
 Freeze                   Ice            100%       1d11      1%          1
 Blink                    Tloc           N/A        N/A       1%          2
 Confusing Touch          Hex            25%        N/A       1%          3
 Conjure Flame            Conj/Fire      25%        6-21      1%          3
 Frozen Ramparts          Ice            50%        1d7       1%          3
 Gell's Gravitas          Tloc           12%        N/A       1%          3
 Ignite Poison            Fire/Tmut/Pois 25%        N/A       1%          3
 Inner Flame              Hex/Fire       25%        N/A       1%          3
 Lesser Beckoning         Tloc           12%        N/A       1%          3
 Ozocubu's Armour         Ice            25%        N/A       1%          3
 Teleport Other           Tloc           25%        N/A       1%          3
 Hailstorm                Conj/Ice       25%        3d7       6%          4
 Petrify                  Tmut/Erth      25%        N/A       6%          4
 Sticky Flame             Conj/Fire      25%        2d5       6%          4
 Summon Lightning Spire   Summ/Air       25%        N/A       6%          4
 Fireball                 Conj/Fire      12%        3d7       19%         5
 Manifold Assault         Tloc           25%        N/A       19%         5
 Metabolic Englaciation   Hex/Ice        12%        N/A       19%         5
 Silence                  Hex/Air        12%        N/A       19%         5
 Yara's Violent Unravell  Hex/Tmut       12%        3d7       19%         5
 Conjure Ball Lightning   Conj/Air       12%        3x3d6     71%         6
 Starburst                Conj/Fire      12%        8x6d5     71%         6
 Ignition                 Fire           12%        3d6       100%        8
 Tornado                  Air            12%        N/A       100%        9


Dungeon Overview and Level Annotations

Branches:
Dungeon (15/15)            Temple (0/1) D:5            Lair (6/6) D:8
 Shoals (0/4) Lair:3       Spider (0/4) Lair:2        Slime (0/5) Lair:5
    Orc (2/2) D:12            Elf (0/3) Orc:2        Vaults (0/5) D:14
 Depths (0/5) D:15        Ossuary (visited)

Altars:
Ashenzari
Elyvilon
Fedhas
Hepliaklqana
Kikubaaqudgha
Okawaru
Qazlal
Sif Muna
Uskayaw
Wu Jian
Yredelemnul
The Shining One
Beogh
Jiyva

Shops:
D:6 (   Orc:1 ?   Orc:2 ?

Portals:
Trove: D:13 (give +6 demon trident)

Annotations:
D:6 Dowan, Duvessa
Lair:5 1 runed translucent door
Abyss:1 sm0rk's ghost, journeyman GnAr


Innate Abilities, Weirdness & Mutations

You have very sharp teeth.
Your uncanny sense of smell can sniff out nearby items.
Your experience applies equally to all skills.
You are partially covered in iridescent scales. (AC +2)
You are robust. (+10% HP)
Your spells are a little easier to cast, but a little less powerful.


Message History

The orc high priest utters an invocation to Beogh.
The orc knight barely misses you. You block the orc knight's attack.
You closely miss the orc high priest.
The orc high priest is almost dead.
You hit the orc knight but do no damage.
You hit the ice devil but do no damage. You closely miss the orc knight.
An orc warrior comes into view. It is wielding a +0 glaive.
The ice devil hits you but does no damage.
The orc knight barely misses you.
You slash the orc high priest! You freeze the orc high priest.
You kill the orc high priest!
Lugonu accepts your kill.
The ice devil disappears in a puff of smoke! x2
The ynoxinul disappears in a puff of smoke!
You slash the orc knight! You freeze the orc knight.
You closely miss the orc knight. The orc knight closely misses you.
The orc knight hits you with a +0 great sword!!
* * * LOW HITPOINT WARNING * * *
An orc warrior comes into view. It is wielding a +0 halberd.
Unknown command.
You feel better.
The orc knight no longer looks unusually strong.
The orc knight barely misses you. You block the orc knight's attack.
The orc knight closely misses you.
An orc warrior comes into view. It is wielding a +0 long sword.
You feel better.
The orc warrior no longer looks unusually strong. x2
The orc knight closely misses you. The orc warrior closely misses you.
The orc knight hits you from afar with a +1 glaive!
* * * LOW HITPOINT WARNING * * *
An orc sorcerer comes into view. It is wielding a +0 dagger.
An orc wizard comes into view. It is wielding a +0 dagger.
You feel better.
An orc sorcerer comes into view. It is wielding a +0 dagger.
The orc knight roars a battlecry!
The orcs go into a battle-frenzy!
The orc warrior barely misses you.
The orc knight hits you but does no damage.
The orc knight hits you with a +0 great sword!!
You die...

..................
..#####.##.#......
...##.#####.#... #
o..##.# ###... o
o..##.# ##.. #. #.
##..##..# #..
#∩.#o##...##.##
##. #..oo)o.##..#
##. #.oo)@##..##
#.. #####o...##
##. ###### ##


You could see 3 orc knights, 2 orc sorcerers, 3 orc warriors and an orc wizard
(strong).

Vanquished Creatures
  Agnes (D:14)
  A ghoul (D:15)
  Azrael (D:14)
  A dire elephant (D:15)
  11 hydras
  3 boulder beetles
  A catoblepas (Lair:4)
  An ogre mage (D:15)
  4 centaur warriors
  2 dancing weapons (D:14)
  5 two-headed ogres
  5 tengu warriors
  7 death yaks
  An orc high priest (Orc:2)
  Sonja (Lair:5)
  A fire crab (shapeshifter) (D:14)
  3 skeletal warriors
  A flayed ghost (D:14)
  A wolf spider zombie (D:15)
  2 lindwurms (Lair:5)
  An orc knight (Orc:1)
  An oklob plant (Lair:3)
  18 ugly things
  A deep elf pyromancer (D:15)
  An orc sorcerer (Orc:1)
  3 manticores
  5 cyclopes
  A merfolk siren (Lair:3)
  15 elephants
  A salamander (D:15)
  3 black mambas
  2 gargoyles
  23 cane toads
  9 komodo dragons
  3 rime drakes
  3 kobold demonologists
  An unseen horror (D:13)
  An efreet (D:15)
  A yaktaur (D:15)
  A freezing wraith (D:15)
  2 tengu conjurers (D:15)
  2 polar bears (Lair:2)
  2 jumping spiders (Lair:2)
  8 trolls
  A wind drake (shapeshifter) (D:14)
  A harpy zombie (D:15)
  A meliai (D:15)
  3 tyrant leeches (Lair:6)
  16 slime creatures
  37 blink frogs
  A hornet (D:8)
  4 dream sheep (Lair:4)
  A meliai zombie (D:15)
  2 centaur simulacra
  A redback (Lair:2)
  2 vampires
  3 fire elementals
  3 wraiths
  4 wyverns
  A fire bat (shapeshifter) (D:13)
  A basilisk (Lair:2)
  50 yaks
  2 steam dragons
  22 vampire mosquitoes
  Edmund (D:5)
  A warg (Orc:1)
  6 water moccasins
  4 black bears
  15 orc warriors
  2 hell hounds
  2 ice beasts (D:7)
  7 ogres
  2 necrophages (D:5)
  8 wolves
  8 centaurs
  2 phantoms (D:6)
  8 kobold brigands
  13 bullfrogs
  Blork the orc (D:6)
  2 scorpions (D:6)
  A water moccasin zombie (D:6)
  6 killer bees (D:8)
  3 wights (D:9)
  3 electric eels
  4 howler monkeys
  A bullfrog zombie (D:6)
  6 centaur zombies
  16 orc priests
  A gnoll shaman (D:7)
  4 centaur skeletons
  5 hounds
  2 iguanas
  21 orc wizards
  A scorpion zombie (D:5)
  5 hell rats (Lair:6)
  5 mummies
  8 gnolls
  2 adders (D:5)
  A white imp (D:5)
  An adder skeleton (D:5)
  67 orcs
  4 bats
  6 endoplasms
  3 giant cockroaches
  4 goblins
  6 hobgoblins
  9 jackals
  3 quokkas (D:4)
  9 ball pythons
  A frilled lizard (D:1)
  6 gnoll skeletons (Ossuary)
  17 kobolds
  3 kobold skeletons (Ossuary)
  16 orc skeletons (Ossuary)
  6 rats
655 creatures vanquished.

Vanquished Creatures (collateral kills)
  A cane toad (Lair:6)
  2 blink frogs (Lair:6)
  2 bullfrogs (Lair:6)
5 creatures vanquished.

Vanquished Creatures (others)
  An ogre (D:15)
  An orc priest (Orc:1)
  2 orcs (D:10)
  59 fungi
  127 plants
  8 withered plants
198 creatures vanquished.

Grand Total: 858 creatures vanquished

Notes
Turn   | Place    | Note
-------+----------+-------------------------------------------
     0 | Abyss:1  | Gargoyl the Gnoll Abyssal Knight began the quest for the
                  | Orb.
     0 | Abyss:1  | Reached XP level 1. HP: 23/23 MP: 3/3
    87 | Abyss:2  | Noticed a starcursed mass
    87 | Abyss:2  | Noticed a deep elf elementalist
    88 | D:1      | Escaped the Abyss
   103 | D:1      | Noticed a minotaur skeleton
   107 | D:1      | Noticed a minotaur skeleton
   115 | D:1      | Noticed a minotaur skeleton
   285 | D:1      | Found a faded altar of an unknown god.
   360 | D:1      | Reached XP level 2. HP: 26/29 MP: 5/5
   870 | D:1      | Reached * piety under Lugonu
  1159 | D:1      | Reached XP level 3. HP: 35/35 MP: 6/6
  2183 | D:3      | Identified a scroll of acquirement
  2183 | D:3      | Acquired a +1 pair of gloves of strength
  2584 | D:3      | Found a shimmering blue altar of Sif Muna.
  2865 | D:3      | Reached skill level 1 in Short Blades
  2865 | D:3      | Reached skill level 1 in Long Blades
  2865 | D:3      | Reached skill level 1 in Maces & Flails
  2865 | D:3      | Reached skill level 1 in Polearms
  2865 | D:3      | Reached skill level 1 in Staves
  2865 | D:3      | Reached skill level 1 in Slings
  2865 | D:3      | Reached skill level 1 in Bows
  2865 | D:3      | Reached skill level 1 in Crossbows
  2865 | D:3      | Reached skill level 1 in Throwing
  2865 | D:3      | Reached skill level 1 in Stealth
  2865 | D:3      | Reached skill level 1 in Shields
  2865 | D:3      | Reached skill level 1 in Unarmed Combat
  2865 | D:3      | Reached skill level 1 in Spellcasting
  2865 | D:3      | Reached skill level 1 in Evocations
  3084 | D:3      | Reached XP level 4. HP: 41/41 MP: 7/7
  3361 | D:4      | Reached skill level 1 in Conjurations
  3361 | D:4      | Reached skill level 1 in Hexes
  3361 | D:4      | Reached skill level 1 in Summonings
  3361 | D:4      | Reached skill level 1 in Necromancy
  3361 | D:4      | Reached skill level 1 in Translocations
  3361 | D:4      | Reached skill level 1 in Transmutations
  3361 | D:4      | Reached skill level 1 in Fire Magic
  3361 | D:4      | Reached skill level 1 in Ice Magic
  3361 | D:4      | Reached skill level 1 in Air Magic
  3361 | D:4      | Reached skill level 1 in Earth Magic
  3361 | D:4      | Reached skill level 1 in Poison Magic
  3370 | D:4      | Noticed an ogre
  3371 | D:4      | Reached XP level 5. HP: 21/47 MP: 8/8
  3383 | D:4      | Killed an ogre
  3424 | D:4      | Reached ** piety under Lugonu
  3425 | D:4      | Reached skill level 5 in Invocations
  3425 | D:4      | Reached XP level 6. HP: 33/53 MP: 9/9
  3702 | D:4      | Found a sand-covered staircase.
  3710 | Ossuary  | Entered an ossuary
  3710 | Ossuary  | Noticed a wraith
  3710 | Ossuary  | Noticed a wraith
  3710 | Ossuary  | Noticed a wraith
  3734 | Ossuary  | Reached skill level 5 in Axes
  3734 | Ossuary  | Reached skill level 5 in Armour
  3807 | Ossuary  | Noticed a wraith
  3839 | Ossuary  | Killed a wraith
  3840 | Ossuary  | Reached XP level 7. HP: 33/59 MP: 10/10
  4175 | D:4      | Found Emodwo's Weapon Shoppe.
  4393 | D:5      | Entered Level 5 of the Dungeon
  4394 | D:5      | Found a staircase to the Ecumenical Temple.
  4699 | D:5      | Found an ornate altar of the Wu Jian Council.
  4998 | D:5      | Found a white marble altar of Elyvilon.
  5139 | D:5      | Found a basalt altar of Yredelemnul.
  5177 | D:5      | Reached *** piety under Lugonu
  5285 | D:5      | Reached XP level 8. HP: 63/67 MP: 12/12
  5351 | D:5      | Noticed Edmund
  5360 | D:5      | Killed Edmund
  5700 | D:6      | Noticed a wyvern
  5700 | D:6      | Found Qopnug's Weapon Shop.
  5700 | D:6      | Noticed Duvessa
  5702 | D:6      | Noticed Dowan
  5959 | D:5      | Banished a wyvern
  6229 | D:6      | Reached XP level 9. HP: 65/72 MP: 14/14
  6686 | D:6      | Identified the +4 hand axe "Penemi" {freeze, rElec rPois
                  | Will- Str+5}
  6724 | D:6      | Noticed a +0 short sword
  6724 | D:6      | Noticed a +0 falchion
  6724 | D:6      | Noticed a +0 spear
  6725 | D:6      | Noticed a +0 falchion
  6726 | D:6      | Noticed a +0 dagger
  6726 | D:6      | Noticed a +0 dagger
  6727 | D:6      | Noticed a +0 spear
  6728 | D:6      | Noticed a +0 short sword
  6786 | D:6      | Found a hide-covered altar of Uskayaw.
  6984 | D:6      | Noticed Blork the orc
  6994 | D:6      | Killed Blork the orc
  7128 | D:7      | Noticed a two-headed ogre
  7141 | D:7      | Killed a two-headed ogre
  7142 | D:7      | Reached skill level 5 in Dodging
  7970 | D:7      | Reached XP level 10. HP: 64/80 MP: 17/17
  8146 | D:7      | Found a blossoming altar of Fedhas.
  8196 | D:7      | Found a stormy altar of Qazlal.
  8207 | D:7      | Reached skill level 5 in Short Blades
  8207 | D:7      | Reached skill level 5 in Long Blades
  8207 | D:7      | Reached skill level 5 in Maces & Flails
  8207 | D:7      | Reached skill level 5 in Polearms
  8207 | D:7      | Reached skill level 5 in Staves
  8207 | D:7      | Reached skill level 5 in Slings
  8207 | D:7      | Reached skill level 5 in Bows
  8207 | D:7      | Reached skill level 5 in Crossbows
  8207 | D:7      | Reached skill level 5 in Throwing
  8207 | D:7      | Reached skill level 5 in Stealth
  8207 | D:7      | Reached skill level 5 in Shields
  8207 | D:7      | Reached skill level 5 in Unarmed Combat
  8207 | D:7      | Reached skill level 5 in Spellcasting
  8207 | D:7      | Reached skill level 5 in Evocations
  8530 | D:8      | Found a staircase to the Lair.
  8703 | D:8      | Noticed a two-headed ogre
  8707 | D:8      | Reached **** piety under Lugonu
  8715 | D:8      | Killed a two-headed ogre
  9177 | D:9      | Noticed a five-headed hydra
  9178 | D:9      | Banished a five-headed hydra
  9267 | D:9      | Reached XP level 11. HP: 60/87 MP: 19/19
  9459 | D:9      | Found an ancient bone altar of Kikubaaqudgha.
  9680 | D:9      | Noticed a five-headed hydra
  9681 | D:9      | Banished a five-headed hydra
  9682 | D:9      | Reached skill level 5 in Conjurations
  9682 | D:9      | Reached skill level 5 in Hexes
  9682 | D:9      | Reached skill level 5 in Summonings
  9682 | D:9      | Reached skill level 5 in Necromancy
  9682 | D:9      | Reached skill level 5 in Translocations
  9682 | D:9      | Reached skill level 5 in Transmutations
  9682 | D:9      | Reached skill level 5 in Fire Magic
  9682 | D:9      | Reached skill level 5 in Ice Magic
  9682 | D:9      | Reached skill level 5 in Air Magic
  9682 | D:9      | Reached skill level 5 in Earth Magic
  9682 | D:9      | Reached skill level 5 in Poison Magic
 10230 | D:10     | Entered Level 10 of the Dungeon
 10299 | Lair:1   | Entered Level 1 of the Lair of Beasts
 12693 | Lair:2   | Found a hole to the Spider Nest.
 12719 | Lair:2   | Reached XP level 12. HP: 74/96 MP: 22/22
 13878 | Lair:3   | Noticed an eight-headed hydra
 13889 | Lair:3   | Banished an eight-headed hydra
 14140 | Lair:3   | Noticed a seven-headed hydra
 14155 | Lair:3   | Killed a three-headed hydra
 14155 | Lair:3   | HP: 4/97 [blink frog (11)]
 14638 | Lair:3   | Found a blossoming altar of Fedhas.
 14686 | Lair:3   | Reached skill level 10 in Fighting
 15047 | Lair:3   | Found a staircase to the Shoals.
 15673 | Lair:4   | Noticed a catoblepas
 16017 | Lair:4   | Killed a catoblepas
 16262 | Lair:4   | Reached XP level 13. HP: 86/103 MP: 24/24
 16805 | Lair:4   | Reached skill level 10 in Invocations
 17717 | Lair:5   | Noticed Sonja
 18031 | Lair:4   | HP: 1/104 [death yak (15)]
 18744 | Lair:5   | Killed Sonja
 19571 | Lair:5   | Found a runed translucent door.
 19673 | Lair:5   | Found a viscous altar of Jiyva.
 19673 | Lair:5   | Found a staircase to the Slime Pits.
 19673 | Lair:5   | Noticed an acid blob
 19673 | Lair:5   | Noticed an acid blob
 19673 | Lair:5   | Noticed an acid blob
 19673 | Lair:5   | Noticed an acid blob
 19693 | Lair:6   | Entered Level 6 of the Lair of Beasts
 20846 | Lair:6   | Reached XP level 14. HP: 72/111 MP: 26/26
 20913 | Lair:6   | Reached skill level 10 in Axes
 20913 | Lair:6   | Reached skill level 10 in Armour
 23293 | Lair:6   | Found a runed translucent door.
 23295 | Lair:6   | Noticed sm0rk's ghost (journeyman GnAr)
 25006 | Lair:6   | Banished sm0rk's ghost
 25851 | D:10     | Identified the ring of Batirgha {Ice rN+ Slay+3}
 26077 | D:10     | Found a broken altar of Ashenzari.
 26077 | D:10     | Found an iron altar of Okawaru.
 26422 | D:11     | Found the brooch of Shielding {Spirit SH+8}
 26524 | D:11     | Found a glowing golden altar of the Shining One.
 26713 | D:11     | Found a frozen archway.
 27081 | D:12     | Reached skill level 10 in Dodging
 27214 | D:12     | Reached XP level 15. HP: 119/119 MP: 28/28
 27600 | D:12     | Found a staircase to the Orcish Mines.
 28303 | D:13     | Identified the +4 chain mail "Mamil" {rElec Dex+5}
 28460 | D:13     | Found a hazy altar of Hepliaklqana.
 28498 | D:13     | Gained mutation: You are robust. (+10% HP) [potion of
                  | mutation]
 28498 | D:13     | Gained mutation: Your spells are a little easier to cast,
                  | but a little less powerful. [potion of mutation]
 28498 | D:13     | Gained mutation: You are partially covered in iridescent
                  | scales. (AC +2) [potion of mutation]
 28600 | D:13     | Reached skill level 10 in Short Blades
 28600 | D:13     | Reached skill level 10 in Long Blades
 28600 | D:13     | Reached skill level 10 in Maces & Flails
 28600 | D:13     | Reached skill level 10 in Polearms
 28600 | D:13     | Reached skill level 10 in Staves
 28600 | D:13     | Reached skill level 10 in Slings
 28600 | D:13     | Reached skill level 10 in Bows
 28600 | D:13     | Reached skill level 10 in Crossbows
 28600 | D:13     | Reached skill level 10 in Throwing
 28600 | D:13     | Reached skill level 10 in Stealth
 28600 | D:13     | Reached skill level 10 in Shields
 28600 | D:13     | Reached skill level 10 in Unarmed Combat
 28600 | D:13     | Reached skill level 10 in Spellcasting
 28600 | D:13     | Reached skill level 10 in Evocations
 28695 | D:13     | Found a portal to a secret trove of treasure.
 28844 | D:14     | Noticed Azrael
 29278 | D:14     | Reached ***** piety under Lugonu
 29315 | D:14     | Killed Azrael
 29356 | D:14     | Found an ornate altar of the Wu Jian Council.
 29357 | D:14     | Noticed Agnes
 29368 | D:14     | Killed Agnes
 29450 | D:14     | Found a flagged portal.
 29824 | D:14     | Found a gate to the Vaults.
 30308 | D:15     | Entered Level 15 of the Dungeon
 30647 | D:15     | Reached XP level 16. HP: 90/139 MP: 30/30
 30662 | D:15     | Identified the ring "Otec" {Will+ MP+9}
 31597 | D:15     | Found a staircase to the Depths.
 32290 | Orc:1    | Entered Level 1 of the Orcish Mines
 32514 | Orc:1    | Paralysed by an orc sorcerer for 2 turns
 32794 | Orc:2    | Entered Level 2 of the Orcish Mines
 32807 | Orc:2    | Found a staircase to the Elven Halls.
 32883 | Orc:2    | Reached ****** piety under Lugonu
 33032 | Orc:1    | Found Foasostry's Magic Scroll Boutique.
 33057 | Orc:1    | Bought a scroll of teleportation for 39 gold pieces
 33057 | Orc:1    | Bought a scroll of teleportation for 39 gold pieces
 33057 | Orc:1    | Bought a scroll of teleportation for 39 gold pieces
 33057 | Orc:1    | Bought a scroll of blinking for 97 gold pieces
 33569 | Orc:2    | Found Emoix's Magic Scroll Shoppe.
 33595 | Orc:2    | HP: 6/135 [orc knight/+0 great sword (34)]
 33598 | Orc:2    | Mangled by an orc knight

Illustrated notes

Levels and vault maps discovered:
D:1:      shiori_arrival_whats_in_store_for_you, layout_basic,
          ebering_ecumenical_altar_box, serial_co_window_serial,
          co_window_paths_a, co_window_of_opportunity_a, co_window_paths_b,
          co_window_corner_a, co_window_paths_b, co_window_of_opportunity_a,
          co_window_of_opportunity_a, co_window_unsneaky_path_c,
          co_window_broadway_b, co_window_of_opportunity_b, co_window_corner_b,
          co_window_broadway_b, glass_columns_a
D:2:      layout_basic
D:3:      layout_loops_corners, led_sif_book
D:4:      layout_rooms, serial_shops, kennysheep_little_box,
          chequers_ossuary_entry_cave, kennysheep_big_empty_room
D:5:      layout_gridville, kennysheep_ying_yang, lemuel_round_altar,
          minmay_temple_entry_waves, uniq_edmund
D:6:      lemuel_ice_spiral_2, layout_rooms, nicolae_uskayaw_en_pointe,
          serial_shops, shop, minmay_statues_item, kennysheep_generic_room_7,
          uniq_duvessa, uniq_blork_the_orc
D:7:      layout_rooms, general_overflow_altar, lemuel_coloured_pillars_altar,
          chequers_serial_rivers_micro_c
D:8:      layout_rooms, lair_entry_dummy,
          hangedman_abyss_or_decor_jellyfish_corner
D:9:      layout_roguey, kiku_gazebo_garden_becter
D:10:     layout_long_grid, gammafunk_temple_overflow_wave,
          grunt_decor_junction, roderic_serpentine_path, nrook_campfire
D:11:     layout_loops_ring, portal_ice_cave_rime,
          nicolae_tso_swordbearing_angel
D:12:     layout_big_octagon, orc_0_dummy, amcnicky_mini_corridor_feature
D:13:     layout_rooms, enter_trove_6, nzn_hepliaklqana_mist_gate
D:14:     layout_roguey, erik_vaults_1, nicolae_wu_jian_immortal_techniques,
          enter_bailey_2, uniq_azrael, uniq_agnes
D:15:     hangedman_depths_entry_try_elsewhere_first, layout_rooms,
          serial_undead, serial_undead_f, serial_undead_f, serial_undead_e,
          serial_undead_b, serial_undead_a, serial_undead_d, chequers_avenue,
          minmay_starry_boxes
Lair:1:   layout_chaotic_city, grunt_megastairs_1, infiniplex_staircase_pool_2
Lair:2:   statuecave_lemuel, layout_loops_ring, spider_nest_entry_a
Lair:3:   layout_gridlike, minmay_shoals_entry_lonely_mermaid,
          serial_bayou_ford_a, tgw_fedhas
Lair:4:   layout_loops_ring, nicolae_quartered_pool_medium, serial_bayou_shore_b
Lair:5:   layout_misc_corridors, slime_altar_2, lemuel_fruit_fields, uniq_sonja
Lair:6:   minmay_lair_end_frog_pond, layout_regular_city,
          ebering_ghost_inner_flame
Orc:1:    layout_caves, serial_shops, shop_fountains, mines2_david
Orc:2:    st_orc_elflike, layout_caves, minmay_orc_temple_a

Skill      XL: |  1  2  3  4  5  6  7  8  9 10 11 12 13 14 15 16 |
---------------+-------------------------------------------------+-----
Short Blades   | 1 2 3 4 5 6 7 8 9 10 | 10.8
Long Blades    | 1 2 3 4 5 6 7 8 9 10 | 10.8
Maces & Flails | 1 2 3 4 5 6 7 8 9 10 | 10.8
Polearms       | 1 2 3 4 5 6 7 8 9 10 | 10.8
Staves         | 1 2 3 4 5 6 7 8 9 10 | 10.8
Slings         | 1 2 3 4 5 6 7 8 9 10 | 10.8
Bows           | 1 2 3 4 5 6 7 8 9 10 | 10.8
Crossbows      | 1 2 3 4 5 6 7 8 9 10 | 10.8
Throwing       | 1 2 3 4 5 6 7 8 9 10 | 10.8
Stealth        | 1 2 3 4 5 6 7 8 9 10 | 10.8
Shields        | 1 2 3 4 5 6 7 8 9 10 | 10.8
Unarmed Combat | 1 2 3 4 5 6 7 8 9 10 | 10.8
Spellcasting   | 1 2 3 4 5 6 7 8 9 10 | 10.8
Evocations     | 1 2 3 4 5 6 7 8 9 10 | 10.8
Conjurations   | 1 2 3 4 5 6 7 8 9 |  9.2
Hexes          | 1 2 3 4 5 6 7 8 9 |  9.2
Summonings     | 1 2 3 4 5 6 7 8 9 |  9.2
Necromancy     | 1 2 3 4 5 6 7 8 9 |  9.2
Translocations | 1 2 3 4 5 6 7 8 9 |  9.2
Transmutations | 1 2 3 4 5 6 7 8 9 |  9.2
Fire Magic     | 1 2 3 4 5 6 7 8 9 |  9.2
Ice Magic      | 1 2 3 4 5 6 7 8 9 |  9.2
Air Magic      | 1 2 3 4 5 6 7 8 9 |  9.2
Earth Magic    | 1 2 3 4 5 6 7 8 9 |  9.2
Poison Magic   | 1 2 3 4 5 6 7 8 9 |  9.2
Dodging        | 3 4 5 6 7 8 9 10 11 | 11.1
Invocations    | 5 6 7 8 9 10 11 12 | 12.5
Axes           | 5 6 7 8 9 10 11 | 11.7
Armour         | 5 6 7 8 9 10 11 | 11.7
Fighting       | 7 8 9 10 11 12 | 12.4

Action                   |  1- 3 |  4- 6 |  7- 9 | 10-12 | 13-15 | 16-18 || total
-------------------------+-------+-------+-------+-------+-------+-------++-------
Melee: Hand axe          |   113 |    96 |   264 |   466 |  1202 |   433 ||  2574
       Bite              |    10 |    14 |    40 |    65 |   264 |   105 ||   498
       Punch             |       |     3 |     5 |    15 |    34 |       ||    57
Throw: Dart              |       |       |       |    47 |    26 |     1 ||    74
Invok: Depart the Abyss  |     1 |       |       |       |       |       ||     1
       Banish            |       |       |     4 |     5 |    17 |     1 ||    27
       Bend Space        |       |       |       |     1 |     2 |     2 ||     5
Evoke: Wand              |       |     3 |     1 |       |     2 |       ||     6
  Use: Scroll            |     3 |     3 |    10 |     9 |     8 |     4 ||    37
       Potion            |       |       |       |     1 |     8 |     4 ||    13
 Stab: Sleeping          |     1 |       |     1 |       |       |       ||     2
       Paralysed         |       |    14 |     5 |       |     1 |       ||    20
Armor: Leather armour    |    30 |    39 |    40 |       |       |       ||   109
       Scale mail        |       |       |    75 |       |       |       ||    75
       Plate armour      |       |       |    16 |   246 |   516 |       ||   778
       Chain mail        |       |       |       |       |   168 |   315 ||   483
Dodge: Dodged            |    84 |    84 |   222 |   265 |   788 |   342 ||  1785
       Repelled          |       |       |       |     4 |    10 |     3 ||    17
Block: Buckler           |       |       |       |       |   246 |   178 ||   424

Table legend: (Time is in decaauts)
 A = Elapsed time spent in this place.
 B = Non-inter-level travel time spent in this place.
 C = Inter-level travel time spent in this place.
 D = Time resting spent in this place.
 E = Time spent auto-exploring this place.
 F = Levels seen in this place.
 G = Mean time per level.
                   A        B        C        D        E       F      G
               +--------+--------+--------+--------+--------+-----+--------+
         Total |  33250 |  32399 |    851 |   9572 |  16811 |  26 | 1278.8 |
       Dungeon |  16525 |  16010 |    515 |   2666 |   9904 |  15 | 1101.7 |
          Lair |  14961 |  14655 |    306 |   6840 |   5720 |   6 | 2493.5 |
  Orcish Mines |   1267 |   1238 |     29 |     28 |    879 |   2 |  633.5 |
         Abyss |     87 |     87 |      0 |      0 |     74 |   2 |   43.5 |
       Ossuary |    408 |    408 |      0 |     38 |    234 |   1 |  408.0 |
               +--------+--------+--------+--------+--------+-----+--------+

Top non-repeatable levels by time:
  Lair:4: 3349 daAuts
  Lair:5: 3304 daAuts
  Lair:6: 2962 daAuts
     D:5: 2211 daAuts
  Lair:3: 2063 daAuts
  Lair:1: 2058 daAuts
    D:14: 1841 daAuts
     D:1: 1282 daAuts
     D:3: 1223 daAuts
  Lair:2: 1223 daAuts
    D:15: 1179 daAuts
     D:9: 1127 daAuts
     D:6: 1096 daAuts
    D:13: 1022 daAuts
    D:12: 944 daAuts
